 Dungeon Crawl Stone Soup version 0.32-a0-953-g508020473e (webtiles) character file.

Game seed: 15328993212591948087

11 elagabalus the Cutter (level 2, 22/22 HPs)
             Began as a Coglin Gladiator on Apr 16, 2024.
             Quit the game on level 1 of the Dungeon.
             The game lasted 00:01:31 (255 turns).

elagabalus the Cutter (Coglin Gladiator)             Turns: 255, Time: 00:01:32

Health: 22/22      AC:  4    Str: 14    XL:     2   Next: 25%
Magic:  2/2        EV: 11    Int:  7    God:
Gold:   20         SH:  0    Dex: 15    Spells: 1/1 levels left

rFire   . . .        a - +0 rapier {Rodica}
rCold   . . .        f - +0 dagger {Hideko}
rNeg    . . .        b - +0 leather armour
rPois   .            c - +0 helmet
rElec   .            (no cloak)
rCorr   .            (no gloves)
SInv    .            (no boots)
Will    .....        (amulet unavailable)
Stlth   +            (ring unavailable)
HPRegen 0.23/turn    (ring unavailable)
MPRegen 0.08/turn    (no gizmo)

%: no passive effects
@: no status effects
A: off-hand wielding, slow wielding, warmup strikes, no jewellery
a: Invent Gizmo


You were on level 1 of the Dungeon.
You visited 1 branch of the dungeon, and saw 1 of its levels.

You collected 20 gold pieces.

Inventory:

Hand Weapons
 a - a +0 rapier (weapon) {Rodica}
 f - a +0 dagger (offhand) {Hideko}
Missiles
 d - 3 throwing nets (quivered)
 e - a javelin
Armour
 b - a +0 leather armour (worn)
 c - a +0 helmet (worn)
Scrolls
 g - a scroll of teleportation {unknown}
 i - a scroll of identify {unknown}
 k - a scroll of enchant armour {unknown}
Potions
 h - 3 potions of curing {unknown}
 j - 2 potions of attraction {unknown}


   Skills:
 - Level 2.0 Fighting
 * Level 3.3 Short Blades
 - Level 1.7 Throwing
 - Level 2.6 Dodging


You had one spell level left.
You didn't know any spells.
Your spell library contained the following spells:

 Spells                   Type           Power      Damage    Failure   Level
 Frozen Ramparts          Ice            0%         1d1       87%         3
 Ozocubu's Armour         Ice            0%         N/A       87%         3
 Metabolic Englaciation   Hex/Ice        0%         N/A       100%        5


Dungeon Overview and Level Annotations

Branches:
Dungeon (1/15)

Altars:


Innate Abilities, Weirdness & Mutations

You can wield a second weapon in your off-hand.
It takes a long time for you to wield or remove held weapons.
Your first few attacks do less damage.
You cannot equip rings or amulets.


Message History

Found 7 gold pieces.
The bat barely misses you. The bat hits you but does no damage.
There is an open door here.
You closely miss the bat with your +0 rapier.
You closely miss the bat with your +0 dagger.
The bat completely misses you. The bat hits you.
You closely miss the bat with your +0 rapier.
You miss the bat with your +0 dagger. The bat hits you. The bat misses you.
Found 2 dark potions.
The bat closely misses you.
You see here 7 gold pieces.
You closely miss the bat with your +0 dagger.
You hit the bat with your +0 rapier.
You kill the bat!
You now have 20 gold pieces (gained 7).
A goblin comes into view. It is wielding a +0 club.
You see here 2 dark potions.
h - 3 dark potions (gained 2)
You hit the goblin with your +0 rapier.
You kill the goblin!
You see here a +0 club.
Found a stone staircase leading down.
Found a book of Winter.
A bat comes into view.
You open the door. The bat barely misses you.
There is an open door here.
You hit the bat with your +0 dagger.
The bat is severely wounded.
You hit the bat with your +0 rapier.
You kill the bat!
Found a chain mail.
You pick up a book of Winter and begin reading...
You add the spells Frozen Ramparts, Ozocubu's Armour and Metabolic Englaciation to your library.
A kobold comes into view. It is wielding a +0 club.
Found a bubbling amethyst potion.
You see here a +0 chain mail.
Are you sure you want to abandon this character and quit the game? (Confirm with "yes".)
Okay, then.
Are you sure you want to abandon this character and quit the game? (Confirm with "yes".)

....K.. ###.....
........##...... #
#........##.....# ##!# ###
#........##.....##.... ..
.........##........... ####
#........##........... ....
+........##........... ....
#........##...@....... ....
..............#.......
####....
###.##...#############
#....... ... #...## #.......
#..#...# #.......
#......################.......
#>.....'..............'.......
##.#...#####.......####.......
#.#...............##.........


There were no monsters in sight!

Vanquished Creatures
  An endoplasm (D:1)
  2 goblins (D:1)
  A hobgoblin (D:1)
  A ball python (D:1)
  3 bats (D:1)
  A frilled lizard (D:1)
  A rat (D:1)
10 creatures vanquished.

Notes
Turn   | Place    | Note
-------+----------+-------------------------------------------
     0 | D:1      | elagabalus the Coglin Gladiator began the quest for the
                  | Orb.
     0 | D:1      | Reached XP level 1. HP: 16/16 MP: 1/1
   136 | D:1      | Reached skill level 3 in Short Blades
   194 | D:1      | Reached XP level 2. HP: 21/22 MP: 2/2
   255 | D:1      | Quit the game

Illustrated notes

Levels and vault maps discovered:
D:1:      minmay_arrival_stair_chambers, layout_basic

Skill      XL: |  1 |
---------------+----+-----
Short Blades   | 3 |  3.3
Fighting       | |  2.0
Throwing       | |  1.7
Dodging        | |  2.6

Action                     || total
---------------------------++-------
  Melee: Rapier            ||    18
         Dagger            ||    12
 Armour: Leather armour    ||    12
  Dodge: Dodged            ||    13

Table legend: (Time is in decaauts)
 A = Elapsed time spent in this place.
 B = Non-inter-level travel time spent in this place.
 C = Inter-level travel time spent in this place.
 D = Time resting spent in this place.
 E = Time spent auto-exploring this place.
 F = Levels seen in this place.
 G = Mean time per level.
                   A        B        C        D        E       F      G
               +--------+--------+--------+--------+--------+-----+--------+
         Total |    254 |    254 |      0 |      0 |      0 |   1 |  254.0 |
       Dungeon |    254 |    254 |      0 |      0 |      0 |   1 |  254.0 |
               +--------+--------+--------+--------+--------+-----+--------+

Top non-repeatable levels by time:
     D:1: 254 daAuts
